 Dungeon Crawl Stone Soup version 0.20.0-10-g0535bb4 (webtiles) character file.

11 tsouns the Poker (level 2, 0/23 HPs)
             Began as a Merfolk Warper on June 3, 2017.
             Was an Initiate of Okawaru.
             Slain by an adder (2 damage)
             ... on level 2 of the Dungeon.
             The game lasted 00:02:38 (875 turns).

tsouns the Poker (Merfolk Warper)                    Turns: 875, Time: 00:02:39

Health: 0/23       AC:  9    Str: 11    XL:     2   Next: 29%
Magic:  5/5        EV:  5    Int: 12    God:    Okawaru [......]
Gold:   57         SH:  0    Dex: 13    Spells: 5/5 levels left

rFire    . . .     SeeInvis .   a - +0 spear
rCold    . . .     Gourm    .   (no shield)
rNeg     . . .     Faith    .   r - -2 chain mail (curse)
rPois    +         Spirit   .   (no helmet)
rElec    .         Reflect  .   (no cloak)
rCorr    .         Harm     .   s - +2 pair of gloves
MR       .....                  (no boots)
Stlth    ..........             (no amulet)
Regen    0.1/turn               g - ring of poison resistance
MPRegen  0.1/turn               p - -3 ring of slaying (curse)

@: lethally poisoned (0 -> -2), flying, very slightly contaminated
A: change form in water, swift swim, stealthy swim
a: Renounce Religion


You were on level 2 of the Dungeon.
You worshipped Okawaru.
Okawaru was noncommittal.
You were not hungry.

You visited 1 branch of the dungeon, and saw 2 of its levels.

You collected 57 gold pieces.

Inventory:

Hand Weapons
 a - a +0 spear (weapon)
Missiles
 e - 3 tomahawks of dispersal (quivered)
 j - 52 stones
Armour
 b - a +0 leather armour
 n - a +0 plate armour
 r - a cursed -2 chain mail (worn)
 s - a +2 pair of gloves (worn)
Jewellery
 g - a ring of poison resistance (left hand)
 k - a +2 ring of strength
 p - a cursed -3 ring of slaying (right hand)
Books
 c - a book of Spatial Translocations

   Spells                             Type                      Level
   a - Blink                          Translocation                2
   b - Shroud of Golubria             Charms/Translocation         2
   c - Lesser Beckoning               Translocation                3
   d - Gell's Gravitas                Translocation                3
   e - Teleport Other                 Translocation                3
   f - Passage of Golubria            Translocation                4
Comestibles
 f - 2 bread rations
 m - a fruit


   Skills:
 + Level 2.7 Fighting
 + Level 3.7 Polearms
 - Level 1.0 Throwing
 - Level 0.6 Armour
 - Level 2.6 Dodging
 - Level 2.0 Spellcasting
   Level 2.4 Translocations


You had 5 spell levels left.
You didn't know any spells.

Dungeon Overview and Level Annotations

Branches:
Dungeon (2/15)

Altars:
Cheibriados
Nemelex Xobeh
Okawaru
Uskayaw
Yredelemnul


Message History

The adder is almost dead.
You feel sick. The adder bites you but does no damage.
You hit the adder but do no damage.
The adder is almost dead.
The adder bites you but does no damage.
You closely miss the adder.
The adder is almost dead.
The adder bites you but does no damage.
You closely miss the adder.
The adder is almost dead.
The adder bites you.
* * * LOW HITPOINT WARNING * * *
You barely miss the adder.
The adder is almost dead.
* * * LOW HITPOINT WARNING * * *
You feel sick.
The adder bites you but does no damage. x2
You miss the adder.
The adder is almost dead.
The adder bites you.
You die...

### ..# #.# #.# #.# ###
#.# ########.## #.#
#...@S....#
#.###########.######..##
#.............###......#
###############..._....#
###### ###._......#
.....# ####.......S..#
####.# .........⌠..§.#
#.# #####.........#
###.#.# ##._.[._.##


You could see an adder.

Vanquished Creatures
  An ooze (D:1)
  2 bats
  A hobgoblin (D:1)
  A frilled lizard (D:2)
  A kobold (D:2)
  3 rats
9 creatures vanquished.

Notes
Turn   | Place    | Note
-------+----------+-------------------------------------------
     0 | D:1      | tsouns the Merfolk Warper began the quest for the Orb.
     0 | D:1      | Reached XP level 1. HP: 16/16 MP: 3/3
    71 | D:1      | Reached XP level 2. HP: 7/23 MP: 5/5
   383 | D:1      | You fall through a shaft!
   800 | D:2      | Found an iron altar of Okawaru.
   802 | D:2      | Found a snail-covered altar of Cheibriados.
   803 | D:2      | Found a basalt altar of Yredelemnul.
   803 | D:2      | Found a sparkling altar of Nemelex Xobeh.
   803 | D:2      | Found a hide-covered altar of Uskayaw.
   827 | D:2      | Became a worshipper of Warmaster Okawaru
   875 | D:2      | Slain by an adder

Action                   || total
-------------------------++-------
Melee: Spear             ||    91
Throw: Tomahawk          ||     2
  Use: Scroll            ||     5
       Potion            ||     4
 Stab: Sleeping          ||     1
Armor: Leather armour    ||     6
       Chain mail        ||    29
       Plate armour      ||    18
Dodge: Dodged            ||    20
